 Dungeon Crawl Stone Soup version 0.29.0-4-gdea44cf6ec (webtiles) character file.

Game seed: 7860487882429732862

471 qw the Ruffian (level 6, -18/59 HPs)
             Began as a Troll Cinder Acolyte on Aug 31, 2022.
             Was a High Priest of Ignis.
             Demolished by an ogre
             ... wielding a +0 giant club
              (22 damage)
             ... on level 4 of the Dungeon.
             The game lasted 00:01:30 (2846 turns).

qw the Ruffian (Troll Cinder Acolyte)               Turns: 2846, Time: 00:01:30

Health: -18/59     AC:  4    Str: 25    XL:     6   Next: 83%
Magic:  6/6        EV:  9    Int: 10    God:    Ignis [*****.]
Gold:   118        SH:  0    Dex:  5    Spells: 7/7 levels left

rFire   + . .      SeeInvis .     - Unarmed
rCold   . . .      Faith    .   (no shield)
rNeg    . . .      Spirit   .   a - +0 robe
rPois   .          Reflect  .   (helmet restricted)
rElec   .          Harm     .   (no cloak)
rCorr   .          Rampage  .   (gloves unavailable)
Will    .....                   (boots unavailable)
Stlth   +.........              (no amulet)
HPRegen 0.99/turn               (no ring)
MPRegen 0.10/turn               (no ring)

@: about to teleport
A: large, unfitting armour, claws 3, regeneration 1, shaggy fur 1, tough skin 1
a: Renounce Religion, Fiery Armour, Foxfire Swarm, Rising Flame


You were on level 4 of the Dungeon.
You worshipped Ignis.
Ignis was extremely pleased with you.
You visited 1 branch of the dungeon, and saw 4 of its levels.

You collected 173 gold pieces.
You spent 55 gold pieces at shops.


Innate Abilities, Weirdness & Mutations

You are too large for most types of armour.
You have claws for hands.
Your natural rate of healing is unusually fast.
You are covered in fur. (AC +1)
You have tough skin. (AC +1)


   Skills:
 - Level 2.4 Fighting
 + Level 7.8 Unarmed Combat
 - Level 1.0 Spellcasting
 - Level 2.1 Fire Magic


You had 7 spell levels left.
You didn't know any spells.
Your spell library contained the following spells:

 Spells                   Type           Power      Damage    Failure   Level
 Scorch                   Fire           8%         2d5       22%         2

Inventory:

Missiles
 f - a boomerang (quivered)
Armour
 a - a +0 robe (worn)
Scrolls
 i - a scroll of identify
 k - 2 scrolls of teleportation
Potions
 c - a potion of degeneration {unknown}
 d - 2 potions of might
 e - a potion of curing {unknown}
 g - a potion of resistance
 h - a potion of lignification {unknown}
 j - 2 potions of heal wounds
 m - a potion of mutation {unknown}
 n - 2 potions of attraction {unknown}

Dungeon Overview and Level Annotations

Branches:
Dungeon (4/15)
 Temple: D:4-7

Altars:
Trog

Shops:
D:2 :?!


Message History

You closely miss the hound.
The ogre shouts!
The hound bites you but does no damage.
An ufetubus comes into view.
The ufetubus shouts!
You scratch the hound.
The hound is moderately wounded.
The hound bites you but does no damage.
You miss the hound.
The hound is moderately wounded.
The hound misses you. The hound bites you but does no damage.
You barely miss the hound.
The hound is moderately wounded.
The hound misses you.
You mangle the hound!!
You kill the hound!
Throw: boomerang
Press: ? - help, Q - select action Shift-Dir - straight line, f - ufetubus You throw a boomerang.
The boomerang closely misses the ufetubus.
You scratch the ufetubus.
The ufetubus is heavily wounded.
The ufetubus barely misses you. x2
You miss the ufetubus.
The ufetubus is heavily wounded.
The ufetubus barely misses you. The ufetubus hits you.
You scratch the ufetubus.
You kill the ufetubus!
You barely miss the ogre.
The ogre hits you with a +0 giant club!!
You completely miss the ogre. Your claw misses the ogre. You claw the ogre!
The ogre is moderately wounded.
The ogre hits you with a +0 giant club!!
Ouch! That really hurt!
2846 ||| READING 3 scrolls of teleportation.
As you read the scroll of teleportation, it crumbles to dust.
You feel strangely unstable.
The ogre hits you with a +0 giant club!!
You die...

########
########......####
#######.............)...
......O@............###.
##...##.####...[....# #.
#. ...# #....##### #.
#.#### #....# #. #
#....# #. #....# #.
#....# #. #.#### #. #.
#.


You could see an ogre.

Vanquished Creatures
  Grinder (D:4)
  A hound (D:4)
  2 orc priests (D:3)
  A jelly (D:3)
  Terence (D:2)
  An orc wizard (D:3)
  A gnoll (D:1)
  3 adders
  An ufetubus (D:4)
  A dart slug (D:1)
  5 orcs (D:3)
  9 ball pythons
  3 bats
  7 endoplasms
  A giant cockroach (D:1)
  5 goblins
  7 hobgoblins
  A quokka (D:3)
  4 frilled lizards
  6 kobolds
  4 rats
65 creatures vanquished.

Notes
Turn   | Place    | Note
-------+----------+-------------------------------------------
     0 | D:1      | qw the Troll Cinder Acolyte began the quest for the Orb.
     0 | D:1      | Reached XP level 1. HP: 22/22 MP: 1/1
     0 | D:1      | 0 ||| qw: Version: 0.1-a-97-g2dd2ca4
     0 | D:1      | 0 ||| qw: Game counter: 4527
     0 | D:1      | 0 ||| qw: Always use a shield: true
     0 | D:1      | 0 ||| qw: God list: Okawaru
     0 | D:1      | 0 ||| qw: Allow faded altars: false
     0 | D:1      | 0 ||| qw: Do Orc after D:15 true
     0 | D:1      | 0 ||| qw: Do second Lair branch before Depths: true
     0 | D:1      | 0 ||| qw: Lair rune preference: random
     0 | D:1      | 0 ||| qw: Plans: Normal
     0 | D:1      | 0 ||| PLANNING D:1-11
   107 | D:1      | Found a faded altar of an unknown god.
   381 | D:1      | Reached XP level 2. HP: 29/29 MP: 2/2
   459 | D:1      | You fall into a shaft and drop 1 floor!
   464 | D:2      | 464 ||| READING scroll labelled JICSUG DUKH.
   465 | D:2      | 465 ||| READING scroll labelled NICA NAT YBUIL.
   466 | D:2      | 466 ||| READING scroll labelled RUCOUNI ALIQOO.
   794 | D:1      | 794 ||| Stepping ~*~*~tactically~*~*~ (stealth).
   806 | D:1      | Reached skill level 4 in Unarmed Combat
   892 | D:1      | 892 ||| READING scroll labelled DISEDEFAGA.
   893 | D:1      | 893 ||| DRINKING 2 metallic yellow potions.
   894 | D:1      | 894 ||| Stepping randomly (stuck).
   895 | D:1      | 895 ||| Stepping ~*~*~tactically~*~*~ (cloud).
  1011 | D:2      | Reached XP level 3. HP: 32/36 MP: 3/3
  1115 | D:2      | 1115 ||| Stepping ~*~*~tactically~*~*~ (stealth).
  1116 | D:2      | 1116 ||| Stepping ~*~*~tactically~*~*~ (stealth).
  1119 | D:2      | 1119 ||| Stepping ~*~*~tactically~*~*~ (stealth).
  1379 | D:2      | Noticed Terence
  1387 | D:2      | Killed Terence
  1388 | D:2      | Reached skill level 5 in Unarmed Combat
  1388 | D:2      | Reached XP level 4. HP: 42/44 MP: 4/4
  1409 | D:2      | Found Leguusopn's Distillery.
  1415 | D:2      | 1415 ||| SHOPLISTING potion of haste (110 gold, have 65).
  1415 | D:2      | 1415 ||| BUYING potion of heal wounds (55 gold).
  1415 | D:2      | Bought a potion of heal wounds for 55 gold pieces
  1415 | D:2      | 1415 ||| SHOPLISTING potion of mutation (88 gold, have 10).
  1415 | D:2      | 1415 ||| SHOPLISTING potion of resistance (110 gold, have
                  | 10).
  1581 | D:2      | Found Arphebevu's Book Shop.
  1657 | D:2      | Found Uheywait's Magic Scroll Boutique.
  1672 | D:2      | 1672 ||| SHOPLISTING 2 scrolls of teleportation (66 gold,
                  | have 10).
  1672 | D:2      | 1672 ||| SHOPLISTING scroll of identify (22 gold, have 10).
  1672 | D:2      | 1672 ||| SHOPLISTING scroll of teleportation (33 gold, have
                  | 10).
  1841 | D:2      | 1841 ||| READING 4 scrolls labelled DEICHO FAULEPP.
  1844 | D:2      | 1844 ||| READING scroll labelled GAUXIQY VANE.
  1845 | D:2      | 1845 ||| READING scroll labelled SUULUA TOHOT.
  1846 | D:2      | 1846 ||| DRINKING 2 sedimented pink potions.
  1847 | D:2      | 1847 ||| DRINKING 2 fuming sapphire potions.
  1848 | D:2      | 1848 ||| DRINKING 2 emerald potions.
  1849 | D:2      | 1849 ||| READING 2 scrolls of identify.
  1849 | D:2      | 1849 ||| IDENTIFYING sedimented dark potion
  1850 | D:2      | 1850 ||| DROPPING potion of berserk rage.
  1851 | D:2      | 1851 ||| DROPPING potion of invisibility.
  1852 | D:2      | 1852 ||| DROPPING potion of magic.
  1880 | D:3      | 1880 ||| Stepping ~*~*~tactically~*~*~ (hiding).
  1898 | D:3      | 1898 ||| Stepping ~*~*~tactically~*~*~ (hiding).
  1902 | D:3      | 1902 ||| Stepping ~*~*~tactically~*~*~ (outnumbered).
  1916 | D:3      | 1916 ||| Stepping ~*~*~tactically~*~*~ (stealth).
  1920 | D:3      | 1920 ||| Stepping ~*~*~tactically~*~*~ (hiding).
  1930 | D:3      | Reached XP level 5. HP: 38/50 MP: 5/5
  2095 | D:3      | Reached skill level 6 in Unarmed Combat
  2158 | D:3      | 2158 ||| INVOKING Fiery Armour.
  2159 | D:3      | 2159 ||| Stepping ~*~*~tactically~*~*~ (outnumbered).
  2160 | D:3      | 2160 ||| Stepping ~*~*~tactically~*~*~ (outnumbered).
  2161 | D:3      | 2161 ||| Stepping ~*~*~tactically~*~*~ (outnumbered).
  2162 | D:3      | 2162 ||| Stepping ~*~*~tactically~*~*~ (outnumbered).
  2408 | D:3      | 2408 ||| DROPPING ring of magical power.
  2409 | D:3      | 2409 ||| READING scroll labelled VAKHLO UTSU.
  2410 | D:3      | 2410 ||| READING scroll labelled GIWEH RE TIERI.
  2411 | D:3      | 2411 ||| READING scroll labelled JUFOKEF CIRGH.
  2650 | D:4      | Identified the +2 ring mail of the Volcano {rC+ Will+
                  | Dex+2}
  2651 | D:4      | Found a bloodstained altar of Trog.
  2699 | D:4      | Noticed Grinder
  2699 | D:4      | Paralysed by Grinder for 5 turns
  2709 | D:4      | Paralysed by Grinder for 2 turns
  2714 | D:4      | Killed Grinder
  2715 | D:4      | Reached skill level 7 in Unarmed Combat
  2715 | D:4      | Reached XP level 6. HP: 39/59 MP: 6/6
  2845 | D:4      | HP: 3/59 [ogre/+0 giant club (31)]
  2846 | D:4      | 2846 ||| READING 3 scrolls of teleportation.
  2846 | D:4      | Demolished by an ogre

Levels and vault maps discovered:
D:1:      erik_arrival_blinker_ship, layout_loops_corners,
          basic_ecumenical_altar
D:2:      layout_loops_corners, serial_shops, nicolae_shop_waterfront, shop,
          nicolae_lakefront_shop, uniq_terence
D:3:      layout_basic, skrybe_limestone_x
D:4:      layout_basic, trog_three_pillars_becter, uniq_robin, uniq_grinder

Skill      XL: |  1  2  3  4  5 |
---------------+----------------+-----
Unarmed Combat | 4 5 7 |  7.8
Fighting       | |  2.4
Spellcasting   | |  1.0
Fire Magic     | |  2.1

Action                   |  1- 3 |  4- 6 || total
-------------------------+-------+-------++-------
Melee: Unarmed           |    80 |    97 ||   177
       Punch             |       |     1 ||     1
Throw: Boomerang         |       |    24 ||    24
Invok: Fiery Armour      |       |     1 ||     1
  Use: Scroll            |     4 |     8 ||    12
       Potion            |     1 |     3 ||     4
Armor: Robe              |    14 |    29 ||    43
Dodge: Dodged            |    23 |    32 ||    55

Table legend:
 A = Non-vault XP
 B = Vault XP
 C = Vault XP percentage of total XP
 D = Non-vault monster count
 E = Vault monster count
 F = Vault count percentage of total count
                 A         B        C        D         E       F
            +---------+---------+-------+---------+---------+-------
      Total |     370 |     303 |  45.0 |      63 |       2 |   3.1
            +---------+---------+-------+---------+---------+-------
        D:1 |      39 |       0 |   0.0 |      16 |       0 |   0.0
        D:2 |      38 |      36 |  48.6 |      16 |       1 |   5.9
        D:3 |     229 |       0 |   0.0 |      24 |       0 |   0.0
        D:4 |      64 |     267 |  80.7 |       7 |       1 |  12.5
            +---------+---------+-------+---------+---------+-------
